 Dungeon Crawl Stone Soup version 0.24.0-123-gd5b16e6ec5 (webtiles) character file.

Game seed: 9931310274596177767, levelgen mode: deterministic

452 Amplified the Skirmisher (level 7, 0/58 HPs)
             Began as a Hill Orc Wizard on Jan 22, 2020.
             Slain by a wight
             ... wielding a +0 falchion
              (9 damage)
             ... on level 6 of the Dungeon.
             The game lasted 00:07:47 (4902 turns).

Amplified the Skirmisher (Hill Orc Wizard)          Turns: 4902, Time: 00:07:48

Health: 0/58       AC:  4    Str: 12    XL:     7   Next: 5%
Magic:  10/10      EV: 12    Int: 18    God:
Gold:   263        SH:  0    Dex:  9    Spells: 7/10 levels left

rFire    . . .     SeeInvis .   c - +0 flail (curse)
rCold    . . .     Gourm    .   (no shield)
rNeg     . . .     Faith    .   a - +0 robe
rPois    .         Spirit   .   b - +2 hat
rElec    .         Reflect  .   (no cloak)
rCorr    .         Harm     .   (no gloves)
MR       .....                  (no boots)
Stlth    +.........             (no amulet)
HPRegen  0.19/turn              j - ring of flight
MPRegen  0.12/turn              (no ring)

@: about to teleport, very slightly contaminated, heavily drained
A: no striking features
a: Evoke Flight


You were on level 6 of the Dungeon.
You were hungry.

You visited 1 branch of the dungeon, and saw 6 of its levels.
You also visited: Ossuary.

You collected 263 gold pieces.

Inventory:

Hand Weapons
 c - a cursed +0 flail (weapon)
 f - a +0 club
 g - a +0 mace
 h - a +2 hunting sling
 q - a +1 war axe
Missiles
 i - 19 sling bullets
 n - 104 stones (quivered)
Armour
 a - a +0 robe (worn)
 b - a +2 hat (worn)
 s - a +0 chain mail
Jewellery
 j - a ring of flight (left hand)
 k - an uncursed ring of attention
Scrolls
 l - a scroll of teleportation
 m - 5 scrolls of immolation
 u - a scroll of enchant armour
Potions
 e - a potion of ambrosia
Comestibles
 d - 8 rations


   Skills:
 * Level 3.9(2.6) Fighting
 * Level 3.6(2.3) Maces & Flails
 * Level 3.7(2.4) Armour
 * Level 3.2(1.9) Dodging
 - Level 1.5(0.3) Stealth
 - Level 2.4(1.1) Spellcasting
 - Level 1.0(0.0) Conjurations
   Level 1.0(0.0) Summonings
 - Level 0.7(0.0) Translocations


You had 7 spell levels left.
You knew the following spells:

 Your Spells              Type           Power        Failure   Level  Hunger
a - Magic Dart            Conj           #...         21%         1    ##.....
b - Blink                 Tloc           N/A          30%         2    ###....

Your spell library contained the following spells:

 Spells                   Type           Power        Failure   Level  Hunger
 Call Imp                 Summ           #.......     30%         2    ###....
 Slow                     Hex            #.......     30%         2    ###....
 Conjure Flame            Conj/Fire      #.......     52%         3    ####...
 Mephitic Cloud           Conj/Pois/Air  #.......     52%         3    ####...


Dungeon Overview and Level Annotations

Branches:
Dungeon (6/15)            Ossuary (visited)
 Temple: D:4-7

Altars:
Cheibriados


Message History

You are too injured to fight recklessly!
You closely miss the wight.
The wight is almost destroyed.
The wight hits you with a +0 falchion! The wight hits you with a +0 falchion.
* * * LOW HITPOINT WARNING * * *
You feel drained.
You barely miss the wight.
The wight is almost destroyed.
The wight closely misses you.
You hit the wight but do no damage.
The wight is almost destroyed.
The wight hits you with a +0 falchion!
* * * LOW HITPOINT WARNING * * *
Unknown command.
Okay, then.
You aren't carrying any items that you can evoke.
Unknown command.
As you read the scroll of teleportation, it crumbles to dust.
You feel strangely unstable. The wight hits you with a +0 falchion!
You die...

#.... ##... ..#
######...####
#..
#...........
... #........#
#.# #.......##
#.#
#....)..#####z#
#<.....@zz.#)#
##....####.#.#
#.#### #...#
#.# ###?...#
+.# ........
+.# ..+#####
+.# #.## ### ..
#.


You could see 2 wights.

Vanquished Creatures
  A wight (D:6)
  A hound (D:5)
  An orc wizard (D:5)
  7 big kobold zombies (Ossuary)
  A hound skeleton (D:4)
  A mummy (Ossuary)
  4 adders
  2 river rats (D:5)
  A shadow imp (D:5)
  An ooze (D:2)
  4 worms
  2 dart slugs (D:3)
  A leopard gecko (D:1)
  8 orcs (D:5)
  7 spectral bats (Ossuary)
  3 bats
  2 giant cockroaches (D:1)
  6 goblins
  7 hobgoblins
  3 jackals (D:3)
  3 quokkas
  4 frilled lizards
  5 gnoll zombies (Ossuary)
  3 goblin simulacra (Ossuary)
  3 goblin zombies (Ossuary)
  7 hobgoblin zombies (Ossuary)
  5 kobolds (D:3)
  A kobold simulacrum (Ossuary)
  4 kobold zombies (Ossuary)
  4 orc zombies (Ossuary)
  11 rats
  6 rat simulacra (Ossuary)
  4 spectral goblins (Ossuary)
  3 spectral kobolds (Ossuary)
  5 spectral rats (Ossuary)
131 creatures vanquished.

Vanquished Creatures (others)
  3 bat simulacra (Ossuary)
  A kobold simulacrum (Ossuary)
4 creatures vanquished.

Grand Total: 135 creatures vanquished

Notes
Turn   | Place    | Note
-------+----------+-------------------------------------------
     0 | D:1      | Amplified the Hill Orc Wizard began the quest for the Orb.
     0 | D:1      | Reached XP level 1. HP: 14/14 MP: 3/3
   243 | D:1      | Reached XP level 2. HP: 12/22 MP: 0/5
   415 | D:1      | Reached skill level 1 in Fighting
   543 | D:1      | Reached skill level 1 in Armour
   766 | D:2      | Reached skill level 1 in Maces & Flails
   766 | D:2      | Reached XP level 3. HP: 11/28 MP: 6/6
  2007 | D:3      | Reached XP level 4. HP: 32/36 MP: 7/7
  2436 | D:3      | Found a snail-covered altar of Cheibriados.
  2450 | D:3      | Noticed an ogre
  2491 | D:5      | Entered Level 5 of the Dungeon
  2618 | D:5      | Found a sand-covered staircase.
  2623 | Ossuary  | Entered an ossuary
  2742 | Ossuary  | Reached XP level 5. HP: 41/42 MP: 8/8
  3445 | Ossuary  | Reached XP level 6. HP: 44/51 MP: 9/9
  4560 | D:5      | Learned a level 2 spell: Blink
  4880 | D:6      | Reached XP level 7. HP: 47/58 MP: 10/10
  4902 | D:6      | Slain by a wight

Levels and vault maps discovered:
D:1:      psy_arrival_dodecagon, layout_rooms
D:2:      layout_loops_ring, first_ration, chequers_garden, minmay_3d_cube
D:3:      layout_loops_corners, st_stairs_9, chequers_decorated_corner,
          kennysheep_slug_shrine
D:4:      layout_basic
D:5:      layout_basic, lightli_sewer_entry_pipes, nicolae_ossuary_entry_plus
D:6:      layout_rooms, tso_oasis_becter, minmay_temple_entry_statues_fountains,
          serial_shops, shop, kennysheep_donut,
          hangedman_abyss_or_decor_lesser_grid, serial_bayou_pond_e,
          kennysheep_pointless_box, centaur_isle

Skill      XL: |  1  2  3  4  5  6 |
---------------+-------------------+-----
Fighting       | 1 2 3 |  3.9
Armour         | 1 2 3 |  3.7
Maces & Flails | 1 2 3 |  3.6
Dodging        | 2 3 |  3.2
Stealth        | |  1.5
Spellcasting   | |  2.4
Conjurations   | |  1.0
Summonings     | |  1.0
Translocations | |  0.7

Action                   |  1- 3 |  4- 6 |  7- 9 || total
-------------------------+-------+-------+-------++-------
Melee: Club              |    15 |    12 |       ||    27
       Flail             |       |   100 |    16 ||   116
       Mace              |       |     3 |       ||     3
 Fire: Hunting sling     |   103 |   315 |       ||   418
 Cast: Magic Dart        |     9 |    13 |       ||    22
  Use: Scroll            |    11 |     8 |     1 ||    20
       Potion            |     2 |    11 |       ||    13
 Stab: Sleeping          |     1 |       |       ||     1
       Invisible         |       |       |     1 ||     1
  Eat: Ration            |     1 |     2 |       ||     3
       Chunk             |       |     2 |       ||     2
Armor: Robe              |    14 |   104 |     1 ||   119
Dodge: Dodged            |    57 |   242 |     8 ||   307
